 Dungeon Crawl Stone Soup version 0.31.0-11-ge490571c62 (webtiles) character file.

Game seed: 13544453367302093993

88 qw the Shooter (level 4, -4/25 HPs)
             Began as a Deep Elf Hunter on Feb 4, 2024.
             Slain by a crocodile zombie (10 damage)
             ... in an ossuary.
             The game lasted 00:00:08 (2314 turns).

qw the Shooter (Deep Elf Hunter)                    Turns: 2314, Time: 00:00:08

Health: -4/25      AC:  9    Str: 10    XL:     4   Next: 30%
Magic:  6/6        EV: 11    Int: 14    God:
Gold:   1078       SH:  0    Dex: 18    Spells: 3/3 levels left

rFire   + . .        a - +1 shortbow
rCold   . . .        (shield currently unavailable)
rNeg    . . .        j - +0 ring mail
rPois   .            k - +0 helmet
rElec   .            (no cloak)
rCorr   .            (no gloves)
SInv    .            g - +2 pair of boots
Will    .....        (no amulet)
Stlth   +            f - ring of protection from fire
HPRegen 0.24/turn    (no ring)
MPRegen 0.10/turn

%: no passive effects
@: marked
A: no striking features
a: no special abilities


You were in an ossuary.
You visited 1 branch of the dungeon, and saw 4 of its levels.
You also visited: Ossuary.

You collected 1078 gold pieces.


   Skills:
 - Level 1.5 Fighting
 + Level 7.7 Ranged Weapons
 - Level 2.4 Dodging
 - Level 1.2 Stealth


You had 3 spell levels left.
You didn't know any spells.
Your spell library was empty.

Inventory:

Hand Weapons
 a - a +1 shortbow (weapon)
Armour
 g - a +2 pair of boots (worn)
 j - a +0 ring mail (worn)
 k - a +0 helmet (worn)
Jewellery
 f - a ring of protection from fire (left hand)
Potions
 b - a potion of magic {unknown}
 d - a potion of invisibility {unknown}
 e - 2 potions of curing
 h - a potion of haste {unknown}

Dungeon Overview and Level Annotations

Branches:
Dungeon (4/15)            Ossuary (1/1)
 Temple: D:4-7

Altars:
Ashenzari
Dithmenos
The Shining One

Annotations:
D:2 1 runed translucent door, Crazy Yiuf


Message History

The arrow hits the crocodile zombie.
The crocodile zombie is lightly damaged.
The crocodile zombie sets off the alarm!
The alarm trap emits a blaring wail!
A sentinel's mark forms upon you.
You shoot an arrow.
The arrow hits the crocodile zombie but does no damage.
The crocodile zombie is lightly damaged.
You shoot an arrow.
The arrow barely misses the crocodile zombie.
You shoot an arrow. The arrow hits the crocodile zombie.
The crocodile zombie is moderately damaged.
The centaur zombie fails to trigger a net trap.
A centaur zombie comes into view.
A kobold zombie comes into view.
2306 ||| RETREEEEATING.
The gnoll zombie barely misses you.
2307 ||| RETREEEEATING.
The gnoll zombie barely misses you.
2308 ||| RETREEEEATING.
The mummy hits you but does no damage.
2309 ||| RETREEEEATING.
The mummy attacks as it pursues you! The mummy hits you!
You shoot an arrow. The arrow barely misses the mummy.
The arrow hits the centaur zombie but does no damage.
You shoot an arrow. The arrow hits the mummy.
The mummy is lightly damaged.
The gnoll zombie hits you but does no damage.
The mummy closely misses you.
You shoot an arrow. The arrow hits the crocodile zombie!
The crocodile zombie is heavily damaged.
The gnoll zombie closely misses you. The crocodile zombie bites you.
The crocodile zombie drags you backwards!
The mummy barely misses you.
2313 ||| RETREEEEATING.
The gnoll zombie barely misses you.
A kobold zombie comes into view.
You shoot an arrow.
The arrow barely misses the crocodile zombie.
The mummy hits you! The crocodile zombie bites you!
You die...

############.
##............
#...........^.
#.Z...\..\....
#.ZZ....Z.....
##@MZ.Z......^
############Z


You could see a mummy, 2 crocodile zombies, a gnoll zombie, 2 kobold zombies and
a centaur zombie.

Vanquished Creatures
  Jessica (D:3)
  An adder (D:3)
  3 dart slugs
  An orc (D:4)
  2 endoplasms (D:3)
  A giant cockroach (D:4)
  6 goblins
  2 hobgoblins
  2 quokkas
  7 ball pythons
  5 bats
  2 frilled lizards (D:2)
  10 kobolds
  5 rats
48 creatures vanquished.

Notes
Turn   | Place    | Note
-------+----------+-------------------------------------------
     0 | D:1      | qw the Deep Elf Hunter began the quest for the Orb.
     0 | D:1      | Reached XP level 1. HP: 12/12 MP: 3/3
     0 | D:1      | 0 ||| qw: Version: 0.3-a-160-g6735b56
     0 | D:1      | 0 ||| qw: Game counter: 5285
     0 | D:1      | 0 ||| qw: Melee chars always use a shield: true
     0 | D:1      | 0 ||| qw: God list: Okawaru
     0 | D:1      | 0 ||| qw: Allow faded altars: false
     0 | D:1      | 0 ||| qw: Do Orc after clearing Dungeon:15 true
     0 | D:1      | 0 ||| qw: Do second Lair branch before Depths: true
     0 | D:1      | 0 ||| qw: Lair rune preference: random
     0 | D:1      | 0 ||| qw: Goals: Normal
     0 | D:1      | 0 ||| PLANNING D:1-11
   333 | D:1      | Reached XP level 2. HP: 16/16 MP: 4/4
   352 | D:1      | Reached skill level 6 in Ranged Weapons
   626 | D:1      | 626 ||| DROPPING scarf of shadows.
   627 | D:1      | 627 ||| UPGRADING to ring of protection from fire.
   628 | D:1      | 628 ||| READING scroll labelled XIMURE PIFIBI.
   659 | D:1      | 659 ||| READING scroll labelled KUVIFF BOODYD.
   659 | D:1      | 659 ||| ENCHANTING +0 shortbow.
   660 | D:1      | 660 ||| READING scroll labelled UNORHU MEVUV.
   661 | D:1      | 661 ||| DROPPING scroll of butterflies.
  1012 | D:2      | Found a faded altar of an unknown god.
  1095 | D:2      | Reached XP level 3. HP: 20/20 MP: 5/5
  1257 | D:2      | Found a shadowy altar of Dithmenos.
  1291 | D:2      | Found a runed translucent door.
  1292 | D:2      | Noticed Crazy Yiuf
  1295 | D:2      | 1295 ||| UPGRADING to +2 pair of boots.
  1300 | D:2      | 1300 ||| DROPPING +6 ring of intelligence.
  1301 | D:2      | 1301 ||| READING scroll labelled ILEAMNE SYZYUL.
  1402 | D:2      | 1402 ||| READING scroll labelled IWOER JAALAA.
  1403 | D:2      | 1403 ||| READING scroll labelled ECSUNL FORCHE.
  1403 | D:2      | Identified a scroll of acquirement
  1403 | D:2      | 1403 ||| ACQUIRING 929 gold pieces
  1403 | D:2      | Acquired 929 gold pieces
  1708 | D:3      | Reached skill level 7 in Ranged Weapons
  1724 | D:3      | Noticed Jessica
  1728 | D:3      | Killed Jessica
  1729 | D:3      | Reached XP level 4. HP: 25/25 MP: 6/6
  1742 | D:3      | Found a broken altar of Ashenzari.
  2069 | D:3      | 2069 ||| UPGRADING to +0 ring mail.
  2079 | D:3      | 2079 ||| DROPPING +0 leather armour.
  2080 | D:3      | 2080 ||| UPGRADING to +0 helmet.
  2085 | D:3      | 2085 ||| READING scroll labelled SUINIX FYABB.
  2086 | D:3      | 2086 ||| DRINKING 2 clear potions.
  2106 | D:4      | 2106 ||| PLANNING OSSUARY
  2112 | D:4      | Identified the +6 dagger "Palaequ" {freeze, rPois rF+ rC+
                  | Dex-5}
  2234 | D:4      | Found a glowing golden altar of the Shining One.
  2294 | D:4      | Found a sand-covered staircase.
  2295 | D:4      | 2295 ||| DROPPING ring of magical power.
  2301 | Ossuary  | Entered an ossuary
  2306 | Ossuary  | 2306 ||| RETREEEEATING.
  2307 | Ossuary  | 2307 ||| RETREEEEATING.
  2308 | Ossuary  | 2308 ||| RETREEEEATING.
  2309 | Ossuary  | 2309 ||| RETREEEEATING.
  2313 | Ossuary  | 2313 ||| RETREEEEATING.
  2314 | Ossuary  | HP: 6/25 [mummy (7)]
  2314 | Ossuary  | Slain by a crocodile zombie

Levels and vault maps discovered:
D:1:      dpeg_arrival_tiny_k, layout_basic, st_stairs_7
D:2:      layout_basic, dreamdust_ecumenical_altar_statues, basic_altar,
          uniq_crazy_yiuf_cottage
D:3:      layout_basic, ashenzari_altar_1, uniq_jessica
D:4:      layout_loops_ring, tso_altar, nzn_wu_jian_council_hall,
          lightli_ossuary_entry_decrepit_ruins
Ossuary:  ossuary_the_hunt_dpeg

Skill      XL: |  1  2  3 |
---------------+----------+-----
Ranged Weapons | 6 7 |  7.7
Fighting       | |  1.5
Dodging        | |  2.4
Stealth        | |  1.2

Action                     |  1- 3 |  4- 6 || total
---------------------------+-------+-------++-------
   Fire: Shortbow          |    89 |    20 ||   109
    Use: Scroll            |     6 |     1 ||     7
         Potion            |       |     1 ||     1
 Armour: Leather armour    |    10 |     1 ||    11
         Ring mail         |       |     6 ||     6
  Dodge: Dodged            |    10 |     6 ||    16

Table legend:
 A = Non-vault XP
 B = Vault XP
 C = Vault XP percentage of total XP
 D = Non-vault monster count
 E = Vault monster count
 F = Vault count percentage of total count
                 A         B        C        D         E       F
            +---------+---------+-------+---------+---------+-------
      Total |      86 |      41 |  32.3 |      45 |       3 |   6.2
            +---------+---------+-------+---------+---------+-------
        D:1 |      14 |       4 |  22.2 |      10 |       2 |  16.7
        D:2 |      27 |       0 |   0.0 |      17 |       0 |   0.0
        D:3 |      37 |      37 |  50.0 |      14 |       1 |   6.7
        D:4 |       8 |       0 |   0.0 |       4 |       0 |   0.0
            +---------+---------+-------+---------+---------+-------
